 Dungeon Crawl Stone Soup version 0.27-a0-1184-ge86db4a01e (webtiles) character file.

Game seed: 8198395842893897694

4397 ZappyNine the Prestidigitator (level 10, -8/60 (61) HPs)
             Began as a Spriggan Transmuter on May 18, 2021.
             Was a Believer of Dithmenos.
             Mangled by a boulder beetle (17 damage)
             ... on level 9 of the Dungeon.
             The game lasted 00:22:05 (14986 turns).

ZappyNine the Prestidigitator (SpTm)               Turns: 14986, Time: 00:22:06

HP:   -8/60 (61)    AC:  6    Str:  7    XL:     10   Next: 13%
MP:   15/17         EV: 13    Int: 15    God:    Dithmenos [**....]
Gold: 492           SH:  0    Dex: 18    Spells: 10/18 levels left

rFire    x . .     SeeInvis +     - Unarmed
rCold    + + +     Faith    .   (shield currently unavailable)
rNeg     . . .     Spirit   .   (armour currently unavailable)
rPois    +         Reflect  .   (helmet currently unavailable)
rElec    .         Harm     .   (cloak currently unavailable)
rCorr    .         Rampage  .   (gloves unavailable)
Will     ++...                  (boots unavailable)
Stlth    ++++......             (no amulet)
HPRegen  0.20/turn              q - ring of wizardry
MPRegen  0.15/turn              b - ring of willpower

@: ice-form, wreathed by umbra, lightly drained
A: freezing attack, amphibious, boosted hp, large, no large weapons, unfitting
armour, see invisible, (speed 3)
a: End Transformation, Renounce Religion, Shadow Step


You were on level 9 of the Dungeon.
You worshipped Dithmenos.
Dithmenos was pleased with you.
You were a creature of crystalline ice.
You visited 2 branches of the dungeon, and saw 10 of its levels.

You collected 528 gold pieces.
You spent 36 gold pieces at shops.

Inventory:

Hand Weapons
 g - a +1 spectral quarterstaff (melded)
Missiles
 x - 2 boomerangs of dispersal
Armour
 a - a +0 robe (melded)
 w - a scarf of invisibility (melded)
Jewellery
 b - a ring of willpower (right front paw)
 q - a ring of wizardry (left front paw)
 s - an amulet of regeneration
 v - an amulet of magic regeneration
Wands
 i - a wand of flame (16)
 y - a wand of mindburst (11)
Scrolls
 e - 4 scrolls of teleportation
 h - a scroll of brand weapon
 n - 3 scrolls of identify
 o - 2 scrolls of amnesia {unknown}
 p - a scroll of silence {unknown}
 t - 3 scrolls of holy word
 u - a scroll of fear
 A - a scroll of enchant armour {unknown}
Potions
 c - a potion of cancellation
 d - 2 potions of might
 f - a potion of mutation {unknown}
 j - 3 potions of resistance {unknown}
 k - 2 potions of flight
 l - a potion of brilliance {unknown}
 m - 3 potions of curing {unknown}
 r - 3 potions of haste
 z - 2 potions of berserk rage {unknown}


   Skills:
 + Level 4.4 Fighting
 - Level 7.0 Dodging
 - Level 6.3 Stealth
 + Level 4.4 Unarmed Combat
 - Level 4.5 Spellcasting
 - Level 6.7 Transmutations
 - Level 5.0 Ice Magic
 - Level 2.2 Poison Magic
 - Level 9.2 Evocations


You had 10 spell levels left.
You knew the following spells:

 Your Spells              Type           Power      Damage    Failure   Level
a - Beastly Appendage     Tmut           46%        N/A       1%          1
b - Spider Form           Tmut/Pois      8%         N/A       3%          3
c - Ice Form              Ice/Tmut       21%        N/A       6%          4

Your spell library contained the following spells:

 Spells                   Type           Power      Damage    Failure   Level
 Wereblood                Tmut           23%        N/A       1%          2
 Passwall                 Tmut/Erth      10%        N/A       2%          2
 Animate Skeleton         Necr           6%         N/A       7%          1
 Apportation              Tloc           6%         N/A       7%          1
 Corona                   Hex            3%         N/A       7%          1
 Foxfire                  Conj/Fire      12%        2x1d4     7%          1
 Sandblast                Erth           6%         2d5       7%          1
 Summon Small Mammal      Summ           12%        N/A       7%          1
 Hydra Form               Tmut           11%        N/A       12%         5
 Petrify                  Tmut/Erth      13%        N/A       17%         4
 Conjure Flame            Conj/Fire      3%         6-21      21%         3
 Inner Flame              Hex/Fire       3%         N/A       21%         3
 Stone Arrow              Conj/Erth      6%         3d7       21%         3
 Sticky Flame             Conj/Fire      3%         2d3       52%         4
 Fireball                 Conj/Fire      1%         3d3       86%         5
 Lee's Rapid Deconstruct  Erth           1%         3d5*      86%         5


Dungeon Overview and Level Annotations

Branches:
Dungeon (9/15)             Temple (1/1) D:4
   Lair: D:8-11         Orc: D:9-12

Altars:
Ashenzari
Dithmenos
Elyvilon
Fedhas
Gozag
Kikubaaqudgha
Makhleb
Nemelex Xobeh
Okawaru
Ru
Sif Muna
Trog
Uskayaw
Wu Jian
Xom
Yredelemnul
Zin
The Shining One

Shops:
D:2 ?   D:6 [


Innate Abilities, Weirdness & Mutations

You are a creature of crystalline ice.
You have a powerful freezing melee attack.
You are amphibious.
Your maximum health is increased.
Your armour is entirely melded.
You are incapable of wielding weapons or throwing items.
You are very small and have problems with some larger weapons.
You are too small for most types of armour.
You have supernaturally acute eyesight. (SInv)
((You cover ground extremely quickly. (Speed+++)))


Message History

The bullfrog swells and bulges.
The boulder beetle stops rolling and uncurls.
The hornet stings you!
You punch the hornet! You freeze the hornet.
The hornet is heavily wounded.
You hit the boulder beetle but do no damage.
You hit the boulder beetle. You freeze the boulder beetle.
The boulder beetle is lightly wounded.
The boulder beetle bites you!
You hit the boulder beetle but do no damage.
The boulder beetle is lightly wounded.
The boulder beetle closely misses you.
You hit the boulder beetle but do no damage.
The boulder beetle is lightly wounded.
The boulder beetle misses you.
You hit the boulder beetle but do no damage.
The boulder beetle misses you.
You punch the boulder beetle! You freeze the boulder beetle.
The boulder beetle is lightly wounded.
You hit the boulder beetle but do no damage.
The boulder beetle is lightly wounded.
The boulder beetle bites you!
You hit the boulder beetle but do no damage.
The boulder beetle is lightly wounded.
The boulder beetle bites you.
You punch the boulder beetle! You freeze the boulder beetle.
The boulder beetle is moderately wounded.
The boulder beetle completely misses you.
You hit the boulder beetle. You freeze the boulder beetle.
The boulder beetle is moderately wounded.
The boulder beetle closely misses you.
You hit the boulder beetle but do no damage.
The boulder beetle is moderately wounded.
The boulder beetle bites you!!
* * * LOW HITPOINT WARNING * * *
You punch the boulder beetle! You freeze the boulder beetle.
The boulder beetle is heavily wounded.
The bullfrog swells and bulges.
The boulder beetle bites you!
You die...

...#.##.#.#
<.......#.# #
.....####.#.#
..#.........#
..#.##....###
..#.###.########
#..............#
#.#.###.######.#####
#.#.....# #....YBy#
........# #.#####F#
..#.....# #.# #○#
#.....# #.# #y#
..###+#.# #.# ...
..>.....# #.###.....
..###.### #.#.#..BF.#
#...######.#.#.....#
..#.#..........##...##


You could see a boulder beetle, a hornet and a bullfrog.

Vanquished Creatures
  Joseph (D:8)
  Sigmund (D:4)
  6 yaks (D:8)
  A steam dragon (D:8)
  Edmund (D:4)
  A water moccasin (D:4)
  2 orc warriors
  3 sky beasts
  A black bear (D:4)
  2 necrophages
  2 ogres (D:5)
  2 kobold brigands
  A bullfrog (D:7)
  3 water moccasin zombies
  A water moccasin skeleton (D:6)
  3 killer bees (D:8)
  4 wights (D:6)
  2 bullfrog zombies (D:6)
  3 hounds
  A centaur zombie (D:6)
  5 orc priests
  Crazy Yiuf (D:4)
  3 gnoll shamans
  2 iguanas (D:7)
  Natasha (twice) (D:2)
  7 orc wizards
  A howler monkey zombie (D:8)
  Robin (D:4)
  5 adders
  17 gnolls
  A shadow imp (D:5)
  An adder skeleton (D:4)
  2 worms
  2 dart slugs
  36 orcs
  9 bats
  2 endoplasms
  2 giant cockroaches
  11 goblins
  10 hobgoblins
  4 jackals (D:2)
  16 kobolds
  2 quokkas (D:1)
  5 ball pythons
  7 frilled lizards
  7 rats
202 creatures vanquished.

Vanquished Creatures (others)
  9 fungi
  4 toadstools (D:2)
13 creatures vanquished.

Grand Total: 215 creatures vanquished

Notes
Turn   | Place    | Note
-------+----------+-------------------------------------------
     0 | D:1      | ZappyNine the Spriggan Transmuter began the quest for the
                  | Orb.
     0 | D:1      | Reached XP level 1. HP: 9/9 MP: 5/5
    19 | D:1      | Reached skill level 1 in Fighting
   436 | D:1      | Reached XP level 2. HP: 14/14 MP: 4/6
   886 | D:1      | Found a faded altar of an unknown god.
  1675 | D:2      | Reached XP level 3. HP: 8/18 MP: 8/8
  2695 | D:2      | Found Vibb's Magic Scroll Shoppe.
  2704 | D:2      | Bought a scroll of teleportation for 36 gold pieces
  2939 | D:2      | Learned a level 3 spell: Spider Form
  2939 | D:2      | Noticed Natasha
  2948 | D:2      | Killed Natasha
  2949 | D:2      | Reached XP level 4. HP: 20/23 MP: 5/9
  3033 | D:2      | Found a blossoming altar of Fedhas.
  3291 | D:2      | Noticed Natasha
  3300 | D:2      | Killed Natasha
  3770 | D:3      | Noticed a sky beast
  3782 | D:3      | Killed a sky beast
  3783 | D:3      | Reached XP level 5. HP: 3/27 MP: 8/12
  4164 | D:3      | Found a white marble altar of Elyvilon.
  4206 | D:3      | Found a hide-covered altar of Uskayaw.
  4207 | D:3      | Noticed a +0 dagger
  4207 | D:3      | Noticed a +0 hand axe
  4409 | D:3      | Reached skill level 1 in Poison Magic
  4723 | D:3      | Reached XP level 6. HP: 31/31 MP: 9/13
  4915 | D:4      | Found a bloodstained altar of Trog.
  4947 | D:4      | Noticed Sigmund
  4963 | D:4      | Killed Sigmund
  5115 | D:4      | Reached skill level 5 in Dodging
  5115 | D:4      | Reached XP level 7. HP: 16/36 MP: 14/14
  5666 | D:4      | Found a staircase to the Ecumenical Temple.
  5707 | Temple   | Entered the Ecumenical Temple
  5748 | Temple   | Became a worshipper of Dithmenos the Shadowed
  5861 | D:4      | Noticed Edmund
  5871 | D:4      | Killed Edmund
  6447 | D:4      | Found a runed translucent door.
  6448 | D:4      | Noticed Crazy Yiuf
  6699 | D:4      | Found an iron altar of Okawaru.
  7058 | D:4      | Noticed Robin
  7066 | D:4      | Killed Robin
  7275 | D:4      | Killed Crazy Yiuf
  7307 | D:4      | Learned a level 4 spell: Ice Form
  7362 | D:5      | Entered Level 5 of the Dungeon
  7449 | D:5      | Reached skill level 1 in Ice Magic
  7449 | D:5      | Reached XP level 8. HP: 42/42 MP: 15/15
  8139 | D:5      | Reached skill level 5 in Transmutations
  8209 | D:5      | Reached * piety under Dithmenos
  9205 | D:5      | Reached skill level 5 in Stealth
  9533 | D:6      | HP: 1/39 [wight/+0 flail (2)]
  9862 | D:6      | Reached XP level 9. HP: 31/40 MP: 14/16
  9886 | D:6      | Reached skill level 5 in Ice Magic
 10246 | D:6      | Found Hiusib's Armour Boutique.
 10414 | D:6      | Found an ancient bone altar of Kikubaaqudgha.
 11720 | D:7      | Noticed an angel
 11721 | D:7      | Found a shimmering altar of Xom.
 11721 | D:7      | Found a glowing silver altar of Zin.
 11730 | D:7      | Reached ** piety under Dithmenos
 12530 | D:8      | Reached skill level 2 in Evocations
 12543 | D:8      | Reached skill level 4 in Evocations
 12920 | D:8      | Reached skill level 5 in Evocations
 12924 | D:8      | Reached skill level 6 in Evocations
 13096 | D:8      | Reached skill level 7 in Evocations
 13410 | D:8      | HP: 2/46 [something (7)]
 14094 | D:8      | Reached skill level 8 in Evocations
 14094 | D:8      | Reached XP level 10. HP: 44/51 MP: 13/17
 14394 | D:8      | Noticed Joseph
 14404 | D:8      | Killed Joseph
 14405 | D:8      | Reached skill level 9 in Evocations
 14962 | D:9      | Noticed a boulder beetle
 14986 | D:9      | Mangled by a boulder beetle

Illustrated notes

Levels and vault maps discovered:
D:1:      onia_arrival_pyramid, layout_basic,
          chequers_ecumenical_altar_simple_redux
D:2:      layout_basic, basic_altar, serial_shops, shop,
          minmay_gold_behind_fungi, uniq_natasha
D:3:      layout_loops_cross, lemuel_round_altar, dancing_weapons_uskayaw
D:4:      layout_loops_ring, lemuel_crystal_altar, lightli_temple_of_fire,
          temple_statues, uniq_edmund, uniq_robin, uniq_crazy_yiuf_cottage,
          uniq_sigmund
D:5:      layout_gridville
D:6:      layout_loops_cross, lemuel_crystal_altar, serial_shops,
          nicolae_shop_trees
D:7:      layout_basic, grunt_temple_overflow_order_and_chaos_1,
          minmay_statues_item
D:8:      layout_loops_ring, uniq_joseph
D:9:      wad_statue_garden, layout_basic, slow_altar_2, marbit_many_paths
Temple:   chequers_temple_sunken

Skill      XL: |  1  2  3  4  5  6  7  8  9 10 |
---------------+-------------------------------+-----
Fighting       | 1 2 3 4 |  4.4
Transmutations | 3 4 6 |  6.7
Spellcasting   | 3 4 |  4.5
Poison Magic   | 2 |  2.2
Dodging        | 5 7 |  7.0
Stealth        | 3 5 6 |  6.3
Ice Magic      | 1 4 5 |  5.0
Unarmed Combat | 4 |  4.4
Evocations     | 8 9 |  9.2

Action                   |  1- 3 |  4- 6 |  7- 9 | 10-12 || total
-------------------------+-------+-------+-------+-------++-------
Melee: Unarmed           |   144 |   101 |   450 |    46 ||   741
       Kick              |    19 |     5 |     2 |       ||    26
       Headbutt          |    14 |     4 |       |       ||    18
       Punch             |     2 |       |       |       ||     2
       Quarterstaff      |       |     4 |    35 |     6 ||    45
 Cast: Beastly Appendage |    34 |     7 |     3 |       ||    44
       Spider Form       |     1 |     8 |    36 |     3 ||    48
       Ice Form          |       |       |    17 |     2 ||    19
 Abil: Evoke Invisibilit |       |       |       |     1 ||     1
  Use: Scroll            |     4 |     4 |       |       ||     8
       Potion            |     2 |     2 |     3 |       ||     7
 Stab: Sleeping          |     2 |     2 |     5 |       ||     9
       Distracted        |       |       |     1 |       ||     1
       Invisible         |       |       |       |     1 ||     1
Armor: Robe              |    16 |    12 |       |       ||    28
       Skin              |       |     4 |    39 |     6 ||    49
Dodge: Dodged            |   106 |    83 |   439 |    43 ||   671

Table legend: (Time is in decaauts)
 A = Elapsed time spent in this place.
 B = Non-inter-level travel time spent in this place.
 C = Inter-level travel time spent in this place.
 D = Time resting spent in this place.
 E = Time spent auto-exploring this place.
 F = Levels seen in this place.
 G = Mean time per level.
                   A        B        C        D        E       F      G
               +--------+--------+--------+--------+--------+-----+--------+
         Total |  12852 |  12681 |    171 |   5767 |   5017 |  10 | 1285.2 |
       Dungeon |  12802 |  12648 |    154 |   5767 |   4997 |   9 | 1422.4 |
        Temple |     50 |     33 |     17 |      0 |     19 |   1 |   50.0 |
               +--------+--------+--------+--------+--------+-----+--------+

Top non-repeatable levels by time:
     D:4: 2899 daAuts
     D:8: 2087 daAuts
     D:2: 1938 daAuts
     D:7: 1512 daAuts
     D:1: 1300 daAuts
     D:5: 1262 daAuts
     D:6: 1093 daAuts
     D:3: 648 daAuts
     D:9: 59 daAuts
  Temple: 50 daAuts
